Cogmind - Beta 11 @@@ ROGUE MODE // 2022.04.11 @ 22:38:21 Player: Persona Result: Destroyed by H-71 Marshal with Heavy Mass Driver Performance ------------- Evolutions (7) 3500 Regions Visited (10) 2000 Robots Destroyed (62) 310 Value Destroyed (1857) 1857 Prototype IDs (9) 180 Alien Tech Used (0) 0 Bonus (24) 24 TOTAL SCORE: 7871 Bonus ------- High Alert Combat Kills 24 Cogmind --------- Core Integrity 0/1300 Matter 113/300 Energy 100/100 System Corruption 3% Temperature Cool (0) Movement Core (50) Location -3/Research Parts ------- > --- POWER (3) -------- (None) > --- PROPULSION (6) --- (None) > --- UTILITY (10) ----- Advanced Signal Interpreter > --- WEAPON (2) ------- (None) > --- INVENTORY (5) ---- Antigrav Array Antigrav Array Recalibrator Peak State ------------ > --- POWER ------------ Particle Reactor > --- PROPULSION ------- Antigrav Array Antigrav Array Antigrav Array > --- UTILITY ---------- Improved Thermal Generator Weight Redist. System Long-range Sensor Array Advanced Signal Interpreter Advanced Targeting Computer Reaction Control System Point Defense System > --- WEAPON ----------- Quantum Rifle Compact Mass Driver > --- INVENTORY -------- Antigrav Array Recalibrator [Rating: 106] Favorites ----------- Power Light Ion Engine Engine Light Ion Engine Power Core Micro Nuclear Core Reactor Particle Reactor Propulsion Cesium-ion Thruster Treads Armored Treads Wheel Armored Wheel Hover Unit Improved Hover Unit Flight Unit Cesium-ion Thruster Utility Small Storage Unit Device Weight Redist. System Storage Small Storage Unit Processor Improved Targeting Computer Hackware Improved Hacking Suite Protection Hardened Light Armor Plating Weapon Advanced Beam Cannon Energy Gun Small Laser Energy Cannon Advanced Beam Cannon Ballistic Gun Assault Rifle Ballistic Cannon Compact Mass Driver Launcher Mini Grenade Launcher Special Weapon Improved Remote Datajack Build | -11 -10 -9 -8 -7 -6 -6 -6 -5 -4 -3 ------- Run | Scr Mat Mat Mat Fac Fac Low Low Fac Fac Res Slots Evolved 14 | . . 2 2 2 2 . . 2 2 2 Power 2 | . . . . 1 . . . . . 1 Propulsion 4 | . . 1 . 1 1 . . . 1 . Utility 8 | . . 1 2 . 1 . . 2 1 1 Weapon . | . . . . . . . . . . . Parts Attached 119 | 6 9 25 21 21 4 1 . 7 5 20 Power 12 | 1 1 3 3 1 1 . . . 1 1 Engine 10 | 1 1 3 3 1 . . . . 1 . Core 1 | . . . . . 1 . . . . . Reactor 1 | . . . . . . . . . . 1 Propulsion 42 | 2 4 10 4 8 1 1 . 1 3 8 Treads 1 | . . . . 1 . . . . . . Leg . | . . . . . . . . . . . Wheel 9 | 2 2 3 2 . . . . . . . Hover 21 | . 2 7 2 . . . . . 2 8 Flight 11 | . . . . 7 1 1 . 1 1 . Utility 46 | 1 3 6 10 10 2 . . 5 1 8 Device 27 | . 1 3 6 6 1 . . 3 1 6 Storage 7 | 1 2 1 3 . . . . . . . Processor 8 | . . 1 1 3 . . . 1 . 2 Hackware 3 | . . . . 1 1 . . 1 . . Protection 1 | . . 1 . . . . . . . . Artifact . | . . . . . . . . . . . Weapon 19 | 2 1 6 4 2 . . . 1 . 3 Energy Gun 4 | 1 . 2 . . . . . . . 1 Energy Cannon 8 | . 1 3 4 . . . . . . . Ballistic Gun 4 | 1 . 1 . 1 . . . . . 1 Ballistic Cannon 1 | . . . . . . . . . . 1 Launcher 1 | . . . . 1 . . . . . . Special Weapon 1 | . . . . . . . . 1 . . Impact Weapon . | . . . . . . . . . . . Slashing Weapon . | . . . . . . . . . . . Piercing Weapon . | . . . . . . . . . . . Special Melee Weapon . | . . . . . . . . . . . Unidentified Prototypes 6 | . . 4 1 . . . . . . 1 Parts Lost 53 | . . 4 12 1 . 1 1 7 3 24 Power 4 | . . 1 . . . . . 1 1 1 Propulsion 19 | . . 2 4 . . 1 1 3 2 6 Utility 21 | . . . 5 . . . . 2 . 14 Weapon 9 | . . 1 3 1 . . . 1 . 3 Highest Loss Streak 7 | . . 2 6 1 . 1 1 3 3 7 To Critical Strikes . | . . . . . . . . . . . Average Slot Usage (%) 81 | . 93 99 83 64 92 93 86 80 55 40 Engine 7 | . 14 10 7 5 6 6 6 1 3 . Core 1 | . . . . . 5 6 6 5 . . Wheel 7 | . 21 10 21 . . . . . . . Hover 8 | . 6 22 . . . . . . 3 8 Flight 8 | . . . . 25 33 33 26 20 9 . Device 12 | . 8 8 15 9 12 13 13 23 22 15 Storage 8 | . 14 11 8 7 6 6 6 5 5 . Processor 8 | . . 11 6 6 13 13 13 11 10 9 Hackware 1 | . . . . 4 6 6 6 4 . . Protection 1 | . . 2 6 . . . . . . . Energy Gun 1 | . 5 1 . . . . . . . 1 Energy Cannon 7 | . 8 15 15 . . . . . . . Ballistic Gun 4 | . 14 5 . . 6 6 6 1 . . Naked Turns 52 | . . . 52 . . . . . . . Heaviest Build 45 | 11 19 29 43 21 27 27 27 30 21 45 Greatest Support 84 | 20 26 36 50 21 33 28 28 33 31 84 Greatest Overweight (x) 8 | . 6 5 1 1 . . 1 1 1 8 Average Overweight (x) . | . . . . . . . . . . . Largest Inventory Capacity 10 | 8 10 10 10 8 8 8 8 8 8 8 Average Capacity 7 | 7 8 8 8 8 8 8 8 8 8 5 Most Carried 10 | 5 10 9 10 8 7 7 7 8 8 7 Average Carried 6 | 2 6 7 7 6 5 6 7 7 7 3 Final Capacity 10 | 8 8 10 8 8 8 8 8 8 8 5 Final Carried 9 | 4 8 9 3 7 7 7 7 8 7 5 Class Distribution -------------------- 71% | Mutant 20% | Sprinter 7% | Scout Dominant Class ---------------- Mutant | -10/Materials Mutant | -9/Materials Mutant | -8/Materials Sprinter | -7/Factory Sprinter | -6/Factory Sprinter | -6/Lower Caves Sprinter | -6/Lower Caves Scout | -5/Factory Mutant | -4/Factory Mutant | -3/Research Resources | -11 -10 -9 -8 -7 -6 -6 -6 -5 -4 -3 ----------- Run | Scr Mat Mat Mat Fac Fac Low Low Fac Fac Res Matter Collected 1484 | 196 160 449 106 122 . 48 . 173 . 230 Remotely . | . . . . . . . . . . . Salvage Created 2273 | . 226 1050 735 62 . . . . . 200 Parts 149 | . 19 76 39 4 . . . . . 11 Haulers Intercepted 2 | . . 2 . . . . . . . . Recyclers Shooed 1 | . . . 1 . . . . . . . Parts Field Recycled . | . . . . . . . . . . . Retrieved Matter . | . . . . . . . . . . . Parts Self-Destructed . | . . . . . . . . . . . Prevented . | . . . . . . . . . . . Kills | -11 -10 -9 -8 -7 -6 -6 -6 -5 -4 -3 ------- Run | Scr Mat Mat Mat Fac Fac Low Low Fac Fac Res Combat Hostiles Destroyed 45 | . 8 22 12 1 . . . . . 2 Guns 15 | . 7 6 . . . . . . . 2 Cannons 26 | . 1 15 10 . . . . . . . AOE 1 | . . . . 1 . . . . . . Classes Destroyed 10 | . 4 2 2 1 . . . . . 1 Worker 3 | . 1 . . . . . . . . 2 Builder 3 | . . . 2 . . . . . . 1 Hauler 2 | . . 2 . . . . . . . . Operator 1 | . . . . 1 . . . . . . Watcher 8 | . 2 4 2 . . . . . . . Swarmer 12 | . 6 6 . . . . . . . . Grunt 18 | . 2 8 8 . . . . . . . Duelist 1 | . . . 1 . . . . . . . Sentry 13 | . . 8 3 1 . . . . . 1 Programmer 1 | . . . . . . . . . . 1 Best Kill Streak 4 | . 4 4 4 2 . . . . . 2 Combat Bots Only 4 | . 3 4 3 1 . . . . . 1 Max Kills in Single Turn 2 | . 1 1 2 1 . . . . . 1 Gunslinging . | . . . . . . . . . . . Exploded 1 | . . . . 1 . . . . . . Melee . | . . . . . . . . . . . Uniques/NPCs Destroyed . | . . . . . . . . . . . Combat | -11 -10 -9 -8 -7 -6 -6 -6 -5 -4 -3 -------- Run | Scr Mat Mat Mat Fac Fac Low Low Fac Fac Res Damage Taken 7464 | . 212 847 1657 203 75 24 57 477 358 3554 Core 2256 | . 40 167 457 . . . 17 132 123 1320 Absorbed by Shields 32 | . . . . . . . . 32 . . Regen/Repaired (Parts) 55 | . . 27 . . . . . 28 . . Core Remaining (%) 78 | 100 84 58 16 100 . . 98 86 89 . Volleys Fired 211 | . 33 79 48 4 2 . . 5 . 40 Largest 2 | . 2 2 2 1 1 . . 1 . 2 Hottest 160 | . 80 136 135 30 28 . . 7 . 160 Shots Fired 379 | . 65 156 96 4 2 . . 5 . 51 Gun 126 | . 53 39 . 1 2 . . . . 31 Cannon 245 | . 12 117 96 . . . . . . 20 Launcher 3 | . . . . 3 . . . . . . Special 5 | . . . . . . . . 5 . . Kinetic 108 | . 33 35 . 1 2 . . . . 37 Thermal 259 | . 32 117 96 . . . . . . 14 Explosive 3 | . . . . 3 . . . . . . Electromagnetic 4 | . . 4 . . . . . . . . Robot Hit Streak 15 | . 14 11 15 . 1 . . 6 . 13 Robot Miss Streak 4 | . 4 4 3 2 . . . . . 3 Penetration Max . | . . . . . . . . . . . Secondary Targets . | . . . . . . . . . . . Shots Hit Robots 239 | . 40 92 65 . 1 . . 5 . 36 Core Hits 88 | . 13 33 24 4 . . . . . 14 Critical Kills 4 | . . 1 2 . . . . . . 1 Critical Parts Destroyed . | . . . . . . . . . . . Critical Strikes 7 | . . 1 2 . . . . . . 4 Meltdown 3 | . . 1 2 . . . . . . . Destroy 1 | . . . . . . . . . . 1 Blast 3 | . . . . . . . . . . 3 Melee Attacks . | . . . . . . . . . . . Impact . | . . . . . . . . . . . Slashing . | . . . . . . . . . . . Piercing . | . . . . . . . . . . . Sneak Attacks . | . . . . . . . . . . . Combat Hostiles . | . . . . . . . . . . . Follow-up Attacks . | . . . . . . . . . . . Damage Inflicted 5474 | . 516 1761 1761 293 23 . . . . 1120 Guns 1355 | . 392 330 . . 23 . . . . 610 Cannons 3778 | . 124 1431 1758 . . . . . . 465 Explosions 293 | . . . . 293 . . . . . . Melee . | . . . . . . . . . . . Ramming 48 | . . . 3 . . . . . . 45 Kinetic 1315 | . 239 310 . . 23 . . . . 743 Thermal 4016 | . 277 1431 1758 218 . . . . . 332 Explosive 75 | . . . . 75 . . . . . . Electromagnetic 20 | . . 20 . . . . . . . . Impact . | . . . . . . . . . . . Slashing . | . . . . . . . . . . . Piercing . | . . . . . . . . . . . Highest Corruption 3 | . . 2 . . . . . 1 . 3 Average Corruption 2 | . . 2 . . . . . 1 . 2 Corruption Purged . | . . . . . . . . . . . Corruption Blocked . | . . . . . . . . . . . Effects 22 | . . 13 . . . . . 2 . 7 Message Errors 7 | . . 3 . . . . . 1 . 3 Matter Fused 6 | . . 3 . . . . . 1 . 2 Heat Flow Errors 3 | . . 3 . . . . . . . . Energy Discharges 2 | . . 2 . . . . . . . . Data Loss (minor) 2 | . . 2 . . . . . . . . Misfires 2 | . . . . . . . . . . 2 Overload Shots . | . . . . . . . . . . . Overflow Damage 163 | . 2 21 72 22 . . . . . 46 Projectiles 141 | . 2 21 72 . . . . . . 46 Explosions 22 | . . . . 22 . . . . . . Melee . | . . . . . . . . . . . Knockbacks 3 | . . . . . . . . . . 3 Impact . | . . . . . . . . . . . Kinetic 3 | . . . . . . . . . . 3 Secondary . | . . . . . . . . . . . Self-Inflicted Damage 137 | . . . 1 116 . . . . . 20 Shots 3 | . . . . 3 . . . . . . Rammed 10 | . . . 1 . . . . . . 9 Targets Rammed 10 | . . . 1 . . . . . . 9 Kicked . | . . . . . . . . . . . Crushed . | . . . . . . . . . . . Highest Temperature 419 | . 10 286 135 2 296 . 5 . . 419 Average Temperature 83 | . 5 67 38 1 136 . 5 . . 192 Received Heat Transfer 1282 | . 24 390 450 39 . . 27 99 91 162 Effects 3 | . . . . . 2 . . . . 1 Interference 2 | . . . . . 2 . . . . . Damage (minor) 1 | . . . . . . . . . . 1 Siege Activations . | . . . . . . . . . . . Robots Corrupted . | . . . . . . . . . . . Combat Hostiles . | . . . . . . . . . . . Parts Fried . | . . . . . . . . . . . Impact Corruptions . | . . . . . . . . . . . Robots Melted 3 | . . 1 2 . . . . . . . Combat Hostiles 3 | . . 1 2 . . . . . . . Parts Melted 5 | . 1 2 2 . . . . . . . Heat Transferred 6372 | . 609 2590 2553 250 . . . . . 370 Parts Sabotaged . | . . . . . . . . . . . Parts Stolen . | . . . . . . . . . . . Parts Stripped . | . . . . . . . . . . . Power Chain Reactions . | . . . . . . . . . . . Missiles Intercepted . | . . . . . . . . . . . Alert | -11 -10 -9 -8 -7 -6 -6 -6 -5 -4 -3 ------- Run | Scr Mat Mat Mat Fac Fac Low Low Fac Fac Res Peak Influence 496 | . 259 437 400 496 342 . . 340 159 129 Initial 218 | . . 39 152 182 218 . . 135 54 83 Average 217 | . 123 267 259 335 283 . . 196 67 83 Maximum Alert Level 2 | . 1 2 2 2 1 . . 1 . . Low Security (%) 49 | 100 67 31 40 26 . . . 57 100 100 Level 1 43 | . 32 61 56 39 100 . . 42 . . Level 2 6 | . . 7 3 34 . . . . . . Level 3 . | . . . . . . . . . . . Level 4 . | . . . . . . . . . . . Level 5 . | . . . . . . . . . . . High Security . | . . . . . . . . . . . Max Security . | . . . . . . . . . . . Squads Dispatched 20 | . 2 . 6 2 3 . . 3 1 3 Investigation 6 | . . . 1 1 2 . . 2 . . Extermination 1 | . . . . . . . . . 1 . Reinforcement 12 | . 2 . 4 1 1 . . 1 . 3 Assault . | . . . . . . . . . . . Garrison 1 | . . . 1 . . . . . . . Intercept . | . . . . . . . . . . . Searches Triggered . | . . . . . . . . . . . Construction Impeded 1 | . . . . . . . . . . 1 Haulers Reinforced . | . . . . . . . . . . . Active Scanning Responses . | . . . . . . . . . . . Cargo Convoy Interrupts . | . . . . . . . . . . . Stealth | -11 -10 -9 -8 -7 -6 -6 -6 -5 -4 -3 --------- Run | Scr Mat Mat Mat Fac Fac Low Low Fac Fac Res Distress Signals 9 | . 1 . 4 . 1 . . 1 . 2 Communications Jammed . | . . . . . . . . . . . Distress Signals . | . . . . . . . . . . . Times Spotted 173 | . 18 40 33 21 5 1 4 18 10 23 Peak Tracking Total 13 | . 5 8 7 6 3 1 4 6 6 13 Tactical Retreats 34 | . 1 7 6 5 1 . 1 4 6 3 Traps | -11 -10 -9 -8 -7 -6 -6 -6 -5 -4 -3 ------- Run | Scr Mat Mat Mat Fac Fac Low Low Fac Fac Res Traps Triggered 5 | . 1 1 1 . . . . 2 . . Indirectly . | . . . . . . . . . . . Trap Hack Attempts . | . . . . . . . . . . . Triggered . | . . . . . . . . . . . Disarmed 6 | . 6 . . . . . . . . . Reprogrammed . | . . . . . . . . . . . Reused . | . . . . . . . . . . . Traps Extracted . | . . . . . . . . . . . Installed . | . . . . . . . . . . . Triggered . | . . . . . . . . . . . Machines | -11 -10 -9 -8 -7 -6 -6 -6 -5 -4 -3 ---------- Run | Scr Mat Mat Mat Fac Fac Low Low Fac Fac Res Machines Disabled 6 | . . 2 . 2 . . . . . 2 Max in Single Turn 2 | . . 1 . 2 . . . . . 1 Garrison Access 1 | . . . . 1 . . . . . . Machines Sabotaged . | . . . . . . . . . . . Garrisons Compromised . | . . . . . . . . . . . Overloaded Fab Kills . | . . . . . . . . . . . Hacking | -11 -10 -9 -8 -7 -6 -6 -6 -5 -4 -3 --------- Run | Scr Mat Mat Mat Fac Fac Low Low Fac Fac Res Machines Accessed 47 | . 3 15 3 9 5 1 . 7 1 3 Terminals 26 | . 3 11 1 4 1 . . 3 1 2 Fabricators 3 | . . . . 1 2 . . . . . Repair Stations 4 | . . 2 . . . . . 2 . . Recycling Units 7 | . . 2 1 1 1 . . 2 . . Scanalyzers 5 | . . . 1 2 1 . . . . 1 Garrison Access 1 | . . . . 1 . . . . . . Total Hacks 128 | . 7 40 5 36 11 1 . 17 1 10 Successful 80 | . 5 24 3 29 6 1 . 5 1 6 Failed 48 | . 2 16 2 7 5 . . 12 . 4 Catastrophic 6 | . 1 2 . 1 . . . 2 . . Database Lockouts . | . . . . . . . . . . . Manual 33 | . 5 17 1 8 . . . 2 . . Terminals 67 | . 7 32 2 14 1 . . 6 1 4 Fabricators 7 | . . . . 2 5 . . . . . Repair Stations 10 | . . 5 . . . . . 5 . . Recycling Units 13 | . . 3 1 2 1 . . 6 . . Scanalyzers 27 | . . . 2 15 4 . . . . 6 Garrison Access 3 | . . . . 3 . . . . . . Terminal Hacks 29 | . 4 14 . 7 1 1 . 1 1 . Part Schematic 1 | . . . . . . . . 1 . . Prototype ID Bank 3 | . 2 1 . . . . . . . . Open Door 1 | . . . . . . 1 . . . . Open DSF 2 | . . . . 1 1 . . . . . Emergency Access Points 4 | . . 3 . 1 . . . . . . Terminal Index 2 | . . 1 . 1 . . . . . . Alert Level 2 | . . . . 1 . . . . 1 . Unreport Threat 1 | . . 1 . . . . . . . . Locate Traps 4 | . 1 2 . 1 . . . . . . Disarm Traps 1 | . 1 . . . . . . . . . Transport Status 1 | . . 1 . . . . . . . . Recall Reinforcements 1 | . . . . 1 . . . . . . Hauler Manifests 1 | . . 1 . . . . . . . . Registered Components 1 | . . 1 . . . . . . . . Zone Layout 4 | . . 3 . 1 . . . . . . Fabricator Hacks 6 | . . . . 2 4 . . . . . Load Schematic 3 | . . . . 1 2 . . . . . Build 3 | . . . . 1 2 . . . . . Repair Station Hacks 6 | . . 3 . . . . . 3 . . Scan Component 4 | . . 2 . . . . . 2 . . Repair 2 | . . 1 . . . . . 1 . . Recycling Unit Hacks 4 | . . 2 . 1 . . . 1 . . Report Inventory 4 | . . 2 . 1 . . . 1 . . Scanalyzer 24 | . . . 2 15 1 . . . . 6 Insert Component 13 | . . . 1 8 1 . . . . 3 Analyze 11 | . . . 1 7 . . . . . 3 Garrison Access Hacks 2 | . . . . 2 . . . . . . Seal Access 1 | . . . . 1 . . . . . . Coupler Status 1 | . . . . 1 . . . . . . Unauthorized Hacks 9 | . 1 5 1 2 . . . . . . Terminals 8 | . 1 4 1 2 . . . . . . Botnet 8 | . 1 4 1 2 . . . . . . Fabricators . | . . . . . . . . . . . Repair Stations . | . . . . . . . . . . . Recycling Units 1 | . . 1 . . . . . . . . Monitor 1 | . . 1 . . . . . . . . Scanalyzers . | . . . . . . . . . . . Garrison Access . | . . . . . . . . . . . Data Cores Recovered 1 | . . . . 1 . . . . . . Used . | . . . . . . . . . . . Hacking Detections 39 | . 4 12 2 8 4 . . 6 . 3 Full Trace Events 6 | . . 1 . 1 2 . . 2 . . Feedback Events . | . . . . . . . . . . . Feedback Blocked . | . . . . . . . . . . . Robot Schematics Acquired . | . . . . . . . . . . . Robots Built . | . . . . . . . . . . . Authchips . | . . . . . . . . . . . Time . | . . . . . . . . . . . Total Robot Build Rating . | . . . . . . . . . . . Part Schematics Acquired 10 | . . . 1 6 . . . 1 . 2 Parts Built 6 | . . . . 2 4 . . . . . Authchips . | . . . . . . . . . . . Time 188 | . . . . 62 126 . . . . . Total Part Build Rating 20 | . . . . 4 16 . . . . . Parts Repaired 2 | . . 1 . . . . . 1 . . Time 85 | . . 32 . . . . . 53 . . Parts Recycled . | . . . . . . . . . . . Recycled Matter . | . . . . . . . . . . . Retrieved Matter . | . . . . . . . . . . . Retrieved Components . | . . . . . . . . . . . Parts Scanalyzed 10 | . . . 1 6 1 . . . . 2 Part Schematics Acquired 9 | . . . 1 6 . . . . . 2 Parts Damaged 1 | . . . . 1 . . . . . . Bothacking | -11 -10 -9 -8 -7 -6 -6 -6 -5 -4 -3 ------------ Run | Scr Mat Mat Mat Fac Fac Low Low Fac Fac Res Used RIF Installer . | . . . . . . . . . . . Robots Hacked 2 | . . . . . . . . 2 . . Non-combat 1 | . . . . . . . . 1 . . Combat 1 | . . . . . . . . 1 . . Robot Hacks Applied 3 | . . . . . . . . 3 . . parse_system 2 | . . . . . . . . 2 . . check_alert 1 | . . . . . . . . 1 . . Relay Couplers Released . | . . . . . . . . . . . Fabnet Peak Effective % . | . . . . . . . . . . . Robots Rewired . | . . . . . . . . . . . Allies Hacked . | . . . . . . . . . . . Hacks Repelled . | . . . . . . . . . . . Allies | -11 -10 -9 -8 -7 -6 -6 -6 -5 -4 -3 -------- Run | Scr Mat Mat Mat Fac Fac Low Low Fac Fac Res Total Allies . | . . . . . . . . . . . Largest Group . | . . . . . . . . . . . Highest-Rated Group . | . . . . . . . . . . . Highest-Rated Ally . | . . . . . . . . . . . Total Orders . | . . . . . . . . . . . Ally Attacks . | . . . . . . . . . . . Total Damage . | . . . . . . . . . . . Kills . | . . . . . . . . . . . Allies Corrupted . | . . . . . . . . . . . Allies Melted . | . . . . . . . . . . . Intel | -11 -10 -9 -8 -7 -6 -6 -6 -5 -4 -3 ------- Run | Scr Mat Mat Mat Fac Fac Low Low Fac Fac Res Robot Analysis Total . | . . . . . . . . . . . Derelict Logs Recovered 1 | . . . . . . 1 . . . . Drone Launches . | . . . . . . . . . . . Drone Recoveries . | . . . . . . . . . . . Exploration | -11 -10 -9 -8 -7 -6 -6 -6 -5 -4 -3 ------------- Run | Scr Mat Mat Mat Fac Fac Low Low Fac Fac Res Turns Passed 5641 | 55 558 1703 704 608 249 145 242 456 374 547 Spaces Moved 8174 | 53 489 1985 533 1390 784 476 344 989 422 709 Core 230 | 15 1 1 93 3 . . . . . 117 Treads . | . . . . . . . . . . . Legs . | . . . . . . . . . . . Wheels 1281 | 38 371 485 387 . . . . . . . Hover 2446 | . 117 1499 53 115 . . . . 116 546 Flight 4217 | . . . . 1272 784 476 344 989 306 46 Fastest Speed 25 | 50 56 52 50 26 25 28 28 25 30 40 Average Speed 48 | 71 84 61 87 30 26 28 28 28 73 55 Slowest Speed 450 | 80 350 300 110 115 28 28 112 107 120 450 Overloaded Moves . | . . . . . . . . . . . Propulsion Burnouts . | . . . . . . . . . . . Robots Hopped 19 | . . . . 7 7 . . 3 2 . Cave-ins Triggered . | . . . . . . . . . . . Exploration Rate (%) 36 | 4 57 93 55 34 16 66 24 20 11 24 Regions Visited 10 Branch Regions 2 Pre-discovered Areas . | . . . . . . . . . . . Known Exits Taken 6 | . . . . 1 1 1 1 1 1 . Unknown Exits Taken 4 | 1 1 1 1 . . . . . . . Scrap Searched 3 | . . . . . . 3 . . . . Spaces Dug . | . . . . . . . . . . . Terrain Destroyed 79 | . . . 17 54 . . . . . 8 Melee . | . . . . . . . . . . . Projectile 25 | . . . 17 . . . . . . 8 AOE 54 | . . . . 54 . . . . . . Terrain Rammed . | . . . . . . . . . . . Walls Destroyed . | . . . . . . . . . . . Machines Disabled . | . . . . . . . . . . . Actions | -11 -10 -9 -8 -7 -6 -6 -6 -5 -4 -3 --------- Run | Scr Mat Mat Mat Fac Fac Low Low Fac Fac Res Total 9428 | 68 574 2312 677 1562 814 486 487 1157 480 811 Wait 754 | 2 18 185 56 112 29 9 144 121 55 23 Move 8126 | 52 488 1984 532 1375 769 475 343 982 417 709 Hop 18 | . . . . 6 7 . . 3 2 . Pick Up 67 | 8 12 17 7 10 3 1 . 5 1 3 Fast Attach 44 | 2 3 6 4 11 . . . 2 3 13 Attach 44 | 4 2 7 11 4 3 1 . 3 2 7 Detach 17 | . 3 1 3 4 . . . 2 . 4 Swap 32 | . 4 13 6 6 1 . . 2 . . Drop 55 | . 11 20 9 10 . . . 2 . 3 Fire 211 | . 33 79 48 4 2 . . 5 . 40 Melee . | . . . . . . . . . . . Ram 10 | . . . 1 . . . . . . 9 Kick . | . . . . . . . . . . . Crush . | . . . . . . . . . . . Escape Stasis 50 | . . . . 20 . . . 30 . . Rewire . | . . . . . . . . . . . Trap . | . . . . . . . . . . . Miscellaneous . | . . . . . . . . . . . Route ------- -11/Scrapyard -10/Materials (discovered 2 exits: *Mat x2) -9/Materials (discovered 5 exits: *Mat x3 / [*Min x2]) -8/Materials (discovered 3 exits: *Fac / [*Sto x2]) -7/Factory (discovered 2 exits: *Fac x2) -6/Factory (discovered 2 exits: *Fac / *Low) -6/Lower Caves -6/Lower Caves -5/Factory -4/Factory -3/Research (discovered 1 exit: [*Res]) History --------- Turn | Location | Event 5 | -11/Scrapyard | Discovered new exit (range 16) 56 | -11/Scrapyard | Entered Materials 306 | -10/Materials | Build established: Mutant 394 | -10/Materials | Discovered new exit (range 15) 580 | -10/Materials | Discovered new exit (range 16) 614 | -10/Materials | Entered another Materials area 614 | -9/Materials | Evolved 2 slots: Propulsion x1, Utility x1 1027 | -9/Materials | Repaired Imp. Hover Unit 1130 | -9/Materials | Discovered new exit (range 15) 1191 | -9/Materials | Discovered new exit (range 11) 1392 | -9/Materials | Discovered new exit (range 9) 1650 | -9/Materials | Discovered new exit (range 14) 1989 | -9/Materials | Discovered new exit (range 8) 2317 | -9/Materials | Entered another Materials area 2317 | -8/Materials | Evolved 2 slots: Utility x2 2777 | -8/Materials | Garrison activated, responded to threat 2843 | -8/Materials | Lost 6 parts (3n3u) 2885 | -8/Materials | Discovered new exit (range 5) 2922 | -8/Materials | Core integrity fell below 50% 2937 | -8/Materials | Core integrity fell below 20% 2945 | -8/Materials | Discovered new exit (range 6) 2963 | -8/Materials | Lost 4 parts (1n1u2w) 3016 | -8/Materials | Discovered new exit (range 6) 3021 | -8/Materials | Entered Factory 3021 | -7/Factory | Evolved 2 slots: Power x1, Propulsion x1 3406 | -7/Factory | Build established: Sprinter 3414 | -7/Factory | Discovered new exit (range 16) 3572 | -7/Factory | Fabricated Weight Redist. System (x2) 3625 | -7/Factory | Discovered new exit (range 11) 3629 | -7/Factory | Identified exit to Factory 3629 | -7/Factory | Entered another Factory area 3629 | -6/Factory | Evolved 2 slots: Propulsion x1, Utility x1 3685 | -6/Factory | Spotted B-75 Beast 3731 | -6/Factory | Discovered new exit (range 15) 3775 | -6/Factory | Fabricated Xenon Bombardment Thruster? 3797 | -6/Factory | Fabricated Xenon Bombardment Thruster? 3797 | -6/Factory | Discovered new exit (range 9) 3829 | -6/Factory | Identified exit to Lower Caves 3878 | -6/Factory | Entered Lower Caves 3880 | -6/Lower Caves | Identified exit to Lower Caves 3966 | -6/Lower Caves | Spotted B-75 Beast 4023 | -6/Lower Caves | Entered another Lower Caves area 4031 | -6/Lower Caves | Discovered new exit (range 12) 4033 | -6/Lower Caves | Identified exit to Factory 4077 | -6/Lower Caves | Spotted B-75 Beast 4265 | -6/Lower Caves | Entered Factory 4265 | -5/Factory | Evolved 2 slots: Utility x2 4549 | -5/Factory | Repaired Broken Reaction Control System? 4687 | -5/Factory | Discovered new exit (range 14) 4699 | -5/Factory | Identified exit to Factory 4709 | -5/Factory | Lost 3 parts (1n1u1w) 4721 | -5/Factory | Entered another Factory area 4721 | -4/Factory | Evolved 2 slots: Propulsion x1, Utility x1 5024 | -4/Factory | Build established: Mutant 5043 | -4/Factory | Spotted B-86 Titan 5061 | -4/Factory | Lost 3 parts (1p2n) 5079 | -4/Factory | Discovered new exit (range 11) 5095 | -4/Factory | Identified exit to Research 5095 | -4/Factory | Entered Research 5095 | -3/Research | Evolved 2 slots: Power x1, Utility x1 5242 | -3/Research | Lost 6 parts (1n4u1w) 5337 | -3/Research | Lost 3 parts (1n2u) 5455 | -3/Research | Lost 7 parts (3n3u1w) 5481 | -3/Research | Spotted B-86 Titan 5575 | -3/Research | Core integrity fell below 50% 5585 | -3/Research | Core integrity fell below 20% 5611 | -3/Research | Lost 6 parts (1n4u1w) 5638 | -3/Research | Discovered new exit (range 21) 5642 | -3/Research | Destroyed by H-71 Marshal with Heavy Mass Driver Last Messages --------------- R-10 Processor collects Mining Laser. Slug penetrates Wall. Penetrated by Slug. Slug penetrates Wall. U-05 Engineer destroyed. Penetrated by Slug. Dropped Antigrav Array. Acquired Antigrav Array. Slammed into U-05 Engineer. Slammed into K-01 Serf. K-01 Serf cleans the Meson Extractor. Slammed into K-01 Serf. K-01 Serf destroyed. Acquired 29 matter. EXIT=FOUND Slammed into K-01 Serf. K-01 Serf destroyed. Destabilizing: System interference. Enh. Optical Array temporarily disabled. Enh. Optical Array destroyed. Map ----- +----------------------------------------------------+ | ?????????????????????????????????????????????????? | | ?????????????????????????????????????????????????? | | ?????????????????????????????????????????????????? | | ?????????????????????????????????????????????????? | | ??????????????????????#####??????????????????????? | | ?????????????????????? ????????????????????? | | ?????????????????????? #???????????????????? | | ?????????????????????? = #???????????????????? | | ?????????????????????? H +???????????????????? | | ?????????????????????? ????????????????????? | | ?????????????????????? ????????????????????? | | ?????????????????????? ????????????????????? | | ??????????????????????# #????????????????????? | | ??????????????????????# #????????????????????? | | ??????????????????????# #???????????#????????? | | ??????????????????????# ###########"""???????? | | ??????????????????????# ??????? | | ??????????????????????# ??????? | | ??????????????????????+ ?????? | | ??????????????????????# """ ==! ?????? | | ??????????????????????# """ =[ ?????? | | ??????????????????????# """ =[ ????? | | ??????????????????????# ????? | | ??????????????????????# ???? | | ????????????########### ???? | | ????????????# """"" + @ ???? | | ????????????# ""R"" #% = ####R o ???? | | ????????????# " " # #????????????????????? | | ????????????# ?# % #????????????????????? | | ????????????# ?# #????????????????????? | | ????????????# ??### ###????????????????????? | | ????????????# ????# #??????????????????????? | | ????????????# ! ?????# #??????????????????????? | | ????????????#######?????#*#??????????????????????? | | ????????????????????????#=#??????????????????????? | | ????????????????????????# #??????????????????????? | | ????????????????????????#=#??????????????????????? | | ????????????????????????# #??????????????????????? | | ????????????????????????# #??????????????????????? | | ????????????????????????# #??????????????????????? | | ????????????????????????# #??????????????????????? | | ????????????????????????# #??????????????????????? | | ????????????????????????# #??????????????????????? | | ???????????????????######+####???????????????????? | | ???????????????????# #???????????????????? | | ???????????????????# #???????????????????? | | ???############+#??# #???????????????????? | | # "" "" +???????????????????? | | + ""S"" ###########?????????? | | # """" # = #?????????? | +----------------------------------------------------+ Best States ------------- Heat Dissipation 77 Energy Generation 28 Energy Capacity 360 Matter Stores 300 Matter Capacity 300 Sight Range 22 Robot Scan Range 18 Terrain Scan Density 10 ECM Strength 1 Cloak Strength 2 Additional Mass Support 6 Base Temperature (-) 150 Armor Coverage 150 Point Defense Rating 80 Phase Shifting 5 Evasion (%) 72 Targeting Accuracy 8 Particle Charging 15 Offensive Hacking 14 Item Schematics ----------------- Weight Redist. System | -8/Materials | Scanalyzed Mic. Nuclear Core | -7/Factory | Scanalyzed Imp. Sensor Array | -7/Factory | Scanalyzed Gauss Rifle | -7/Factory | Scanalyzed Xenon Bombardment Thruster | -7/Factory | Scanalyzed Cesium-ion Thruster | -7/Factory | Scanalyzed Adv. ECM Suite | -7/Factory | Scanalyzed Gyrokinetic Inverter | -5/Factory | Hacked Reaction Control System | -3/Research | Scanalyzed Phase Shifter | -3/Research | Scanalyzed Robot Schematics ------------------ None Fabricated ------------ Weight Redist. System | x2 | -7/Factory Xenon Bombardment Thruster | x2 | -6/Factory Xenon Bombardment Thruster | x2 | -6/Factory Alien Tech Used ----------------- None Achievements -------------- Can't Catch Me Respectable Loadout Challenges ------------ None Game ------ Seed StasisStormRipper Manual? 0 Play Time 02:14:30 Cumulative 11.8 hours Start 2022.04.11 @ 20:16:40 End 2022.04.11 @ 22:38:21 Sessions 1 Manual Loads 0 Difficulty Rogue Special Mode None Game No. 8 Rogue 8 Adventurer 0 Explorer 0 Win Type - Total 0 Types 0/0/0/0/0/0/0/0/0 Lore% 5 Gallery% 17 Achievement% 17 Wizard Run 0 Options --------- ASCII 0 Keyboard 1 Movement Numpad Keybinds 0 Fullscreen 1 Font 24/Crisp Map View 76x50 Tactical HUD 0 Map Filters NONE Filters NONE Steam 0 RUN: cbbe0964-a09c-42c6-b4f1-7753685e4eb6